 Dungeon Crawl Stone Soup version 0.25-a0-1024-gbfbf38f2cb (webtiles) character file.

Game seed: 3871678951206406242, levelgen mode: deterministic

18 Flugslaktarn the Skirmisher (level 2, -1/21 HPs)
             Began as an Octopode Fighter on May 12, 2020.
             Slain by an ooze (3 damage)
             ... on level 1 of the Dungeon.
             The game lasted 00:00:11 (203 turns).

Flugslaktarn the Skirmisher (Octopode Fighter)       Turns: 203, Time: 00:00:11

Health: -1/21      AC:  1    Str: 15    XL:     2   Next: 70%
Magic:  2/2        EV: 11    Int: 10    God:
Gold:   0          SH:  8    Dex: 11    Spells: 1/1 levels left

rFire    . . .     SeeInvis +   a - +0 war axe
rCold    . . .     Gourm    .   b - +0 kite shield
rNeg     . . .     Faith    .   (helmet restricted)
rPois    .         Spirit   .   (no amulet)
rElec    .         Reflect  .   i - ring of see invisible
rCorr    .         Harm     .   (no ring)
MR       .....                  (no ring)
Stlth    ++........             (no ring)
HPRegen  0.07/turn              (no ring)
MPRegen  0.08/turn              (no ring)
                                (no ring)
                                (no ring)

@: no status effects
A: almost no armour, stealthy swim, amphibious, 8 rings, constrict 8, camouflage
1, gelatinous body 1
a: no special abilities


You were on level 1 of the Dungeon.
You were not hungry.

You visited 1 branch of the dungeon, and saw 1 of its levels.

Inventory:

Hand Weapons
 a - a +0 war axe (weapon)
Armour
 b - a +0 kite shield (worn)
Jewellery
 i - a ring of see invisible (left tentacle)
   (You found it on level 1 of the Dungeon)
Scrolls
 f - a scroll of identify {unknown}
Potions
 d - a potion of might
 g - a potion of flight {unknown}
Comestibles
 c - a ration


   Skills:
 + Level 3.2 Fighting
 * Level 2.5 Axes
 + Level 3.1 Dodging
 + Level 3.1 Shields


You had one spell level left.
You didn't know any spells.
Your spell library was empty.

Dungeon Overview and Level Annotations

Branches:
Dungeon (1/15)

Altars:


Innate Abilities, Weirdness & Mutations

You cannot wear most types of armour.
You are very stealthy in the water. (Stealth+)
You are amphibious.
You can wear up to eight rings at the same time.
You can use your tentacles to constrict eight enemies at once.
Your skin changes colour to match your surroundings (Stealth+).
Your rubbery body absorbs attacks. (AC +1, EV +1)


Message History

There are monsters nearby!
You hit the ooze.
The ooze is almost dead.
You block the ooze's attack. The frilled lizard bites you.
The hobgoblin misses you. The ooze hits you but does no damage.
You hit the ooze but do no damage.
The ooze is almost dead.
You barely miss the hobgoblin. You closely miss the frilled lizard.
You block the frilled lizard's attack. The ooze misses you.
The hobgoblin hits you with a +0 club.
* * * LOW HITPOINT WARNING * * *
The hobgoblin hits you but does no damage.
The frilled lizard closely misses you.
The frilled lizard bites you but does no damage.
You see here a rat corpse.
You see here a rat corpse.
Your shield prevents you from hitting the ooze.
The ooze is severely wounded.
The ooze hits you.
You die...

...%.#......>.#
..............#
.......†......#
..............#
..............# ##.
............g.#
##...
....##.#.####l# ...
...##..#..#
#J###.####
..##.#.#.#.
#@........
#.#.#.#.##.........
. #. #.#.........
#.##.##........
+.+....)....... #
#.##.########### .
#.#.##.#.........#
#.#.#.#.###........#
#
#.#.#.#.###.(......#


You could see an ooze, a hobgoblin and a frilled lizard.

Vanquished Creatures
  A gnoll (D:1)
  A leopard gecko (D:1)
  A bat (D:1)
  A goblin (D:1)
  A hobgoblin (D:1)
  A kobold (D:1)
  2 rats (D:1)
8 creatures vanquished.

Notes
Turn   | Place    | Note
-------+----------+-------------------------------------------
     0 | D:1      | Flugslaktarn the Octopode Fighter began the quest for the
                  | Orb.
     0 | D:1      | Reached XP level 1. HP: 16/16 MP: 1/1
    89 | D:1      | Reached XP level 2. HP: 11/21 MP: 2/2
   203 | D:1      | Slain by an ooze

Illustrated notes

Levels and vault maps discovered:
D:1:      doesnt_arrival_eight_statues, layout_rooms, interstate_on_off,
          minmay_misc_feat_four_crosses

Action                   || total
-------------------------++-------
Melee: War axe           ||    18
       Constrict         ||     5
       Tentacles         ||     3
Armor: Skin              ||     2
Dodge: Dodged            ||    12
Block: Kite shield       ||    10

Table legend:
 A = Non-vault XP
 B = Vault XP
 C = Vault XP percentage of total XP
 D = Non-vault monster count
 E = Vault monster count
 F = Vault count percentage of total count
                 A         B        C        D         E       F
            +---------+---------+-------+---------+---------+-------
      Total |      27 |       0 |   0.0 |       8 |       0 |   0.0
            +---------+---------+-------+---------+---------+-------
        D:1 |      27 |       0 |   0.0 |       8 |       0 |   0.0
            +---------+---------+-------+---------+---------+-------
